 Dungeon Crawl Stone Soup version 0.18-a0-1677-g2bdad6c (webtiles) character file.

22156 Kidiri the Thaumaturge (level 12, -10/68 HPs)
             Began as a Deep Elf Fire Elementalist on Apr 2, 2016.
             Was a High Priest of Vehumet.
             Killed from afar by an electric eel (14 damage)
             ... with a bolt of electricity
             ... on level 2 of the Lair of Beasts.
             The game lasted 01:11:09 (20354 turns).

Kidiri the Thaumaturge (DEFE)                      Turns: 20354, Time: 01:11:09

Health: -10/68     AC: 12    Str:  4    XL:     12   Next: 60%
Magic:  33/33      EV: 17    Int: 32    God:    Vehumet [*****.]
Gold:   616        SH:  8    Dex: 15    Spells: 10 memorised, 2 levels left

rFire  + + .     SeeInvis +     j - +0 dagger (flame)
rCold  x . .     Gourm    .     i - +3 leather armour {rF+}
rNeg   . . .     Faith    .     g - +3 buckler
rPois  .         Spirit   .     P - +2 hat {SInv}
rElec  .         Dismiss  +     o - +0 cloak
rCorr  .         Reflect  .     D - +1 pair of gloves
SustAt .         Harm     .     (no boots)
MR     +....                    x - amulet of dismissal
Stlth  ++........               k - ring of fire
                                w - +5 ring of intelligence

@: somewhat resistant to hostile enchantments, unstealthy
A: high mp 1, slow regeneration 1, wild magic 1
a: Renounce Religion


You were on level 2 of the Lair of Beasts.
You worshipped Vehumet.
Vehumet was extremely pleased with you.
You were full.

You visited 3 branches of the dungeon, and saw 14 of its levels.
You also visited: Ossuary and Volcano.

You collected 616 gold pieces.

Inventory:

Hand Weapons
 j - a +0 dagger of flaming (weapon)
Armour
 g - a +3 buckler (worn)
 i - a +3 leather armour of fire resistance (worn)
 o - a +0 cloak (worn)
 D - a +1 pair of gloves (worn)
 P - a +2 hat of see invisible (worn)
Jewellery
 k - a ring of fire (right hand)
 w - a +5 ring of intelligence (left hand)
 x - an amulet of dismissal (around neck)
 R - an uncursed ring of poison resistance
Scrolls
 b - 3 scrolls of amnesia
 p - 7 scrolls of remove curse
 y - 7 scrolls of teleportation
 J - 3 scrolls of recharging
 O - a scroll of fear
Potions
 a - 2 potions of beneficial mutation {unknown}
 e - 7 potions of ambrosia
 f - 4 potions of curing
 l - 3 potions of flight
 m - a potion of cure mutation
 n - a potion of heal wounds
 q - a potion of lignification
 r - a potion of agility
 s - a potion of haste
 v - 3 potions of cancellation
 A - a potion of resistance
 E - a potion of brilliance
 I - 5 potions of berserk rage
Miscellaneous
 t - a plain deck of wonders {drawn: 1}
Comestibles
 c - 7 bread rations
 d - 4 meat rations
 h - 2 fruits


   Skills:
 + Level 5.2 Fighting
 + Level 5.0 Armour
 * Level 11.0 Dodging
 - Level 2.4 Stealth
 + Level 5.0 Shields
 * Level 12.2 Spellcasting
 + Level 7.6 Conjurations
 + Level 7.8 Hexes
 + Level 4.1 Transmutations
 + Level 8.1 Fire Magic
 + Level 2.3 Air Magic
 + Level 2.6 Earth Magic
 + Level 3.5 Poison Magic


You had 2 spell levels left.
You knew the following spells:

 Your Spells              Type           Power        Failure   Level  Hunger
a - Flame Tongue          Conj/Fire      #####        1%          1    None
b - Throw Flame           Conj/Fire      ######       1%          2    None
c - Conjure Flame         Conj/Fire      ########     1%          3    None
d - Inner Flame           Hex/Fire       ########     1%          3    None
e - Sticky Flame          Conj/Fire      ########     1%          4    None
f - Fireball              Conj/Fire      ########..   3%          5    #......
g - Ignite Poison         Fire/Trmt/Pois #######.     1%          3    None
h - Stone Arrow           Conj/Erth      ######       1%          3    None
i - Mephitic Cloud        Conj/Pois/Air  ######..     1%          3    None
j - Poison Arrow          Conj/Pois      ######....   34%         6    ####...


Dungeon Overview and Level Annotations

Branches:
Dungeon (11/15)            Temple (1/1) D:4            Lair (2/8) D:11
    Orc: D:9-12

Altars:
Ashenzari
Cheibriados
Dithmenos
Elyvilon
Fedhas
Gozag
Kikubaaqudgha
Makhleb
Nemelex Xobeh
Okawaru
Pakellas
Qazlal
Ru
Sif Muna
Trog
Vehumet
Xom
Yredelemnul
Zin
The Shining One


Innate Abilities, Weirdness & Mutations

You have an increased reservoir of magic (+10% MP).
You regenerate slowly when monsters are visible.
Your spells are a little harder to cast, but a little more powerful.


Message History

The electric eel reappears nearby!
The plant is engulfed in a cloud of scalding steam.
The electric eel shoots out a bolt of lightning at you!
The bolt of electricity hits you!
* * * LOW HITPOINT WARNING * * *
You enter the shallow water.
Moving in this stuff is going to be slow.
Unknown command.
The electric eel shoots out a bolt of lightning at you!
The bolt of electricity hits you!
* * * LOW HITPOINT WARNING * * *
Unknown command.
Drink which item? (? for menu, Esc to quit)
You feel better.
Unknown command.
The electric eel shoots out a bolt of lightning at you!
The bolt of electricity hits you!
* * * LOW HITPOINT WARNING * * *
The bolt of electricity hits you!
You die...

##......... #..........
##.......... #...........
####........#..
###..............
#P..........P....
###...........P....
#.@................
♣..................
♣≈.................
♣♣♣♣♣♣.$....P.........
♣♣♣♣≈PPP♣♣....#..........
P≈≈≈≈≈≈≈≈≈♣..≈≈..........
.............;P≈........#
≈≈≈≈≈≈≈≈P≈≈.≈≈≈P♣........
≈≈≈≈≈≈≈≈P≈≈.≈PP≈≈≈.....##


You could see an electric eel.

Vanquished Creatures
  Gastronok (D:8)
  Erolcha (D:8)
  A tengu warrior (D:10)
  An unseen horror (D:11)
  3 hill giants (D:10)
  Pikel (D:8)
  A cyclops (D:9)
  2 centaur zombies (D:11)
  A rime drake (Lair:1)
  A troll (D:11)
  2 two-headed ogres
  8 blink frogs (Lair:1)
  Prince Ribbit (Lair:1)
  A wraith (D:11)
  2 flying skulls (Volcano)
  4 vampires
  24 yaks
  Grum (D:8)
  A wyvern (D:11)
  2 wolves (D:8)
  A hippogriff (D:7)
  3 hungry ghosts
  A mottled dragon (D:11)
  3 water moccasins
  5 porcupines (Lair:1)
  4 orc warriors
  A sky beast (D:6)
  2 ice beasts
  A phantom (D:4)
  4 black bears
  2 slaves (D:8)
  2 wasps
  5 ogres
  8 centaurs
  4 crocodiles
  3 big kobolds
  A gnoll sergeant (D:6)
  5 giant frogs
  3 water moccasin zombies (Ossuary)
  9 scorpions
  3 killer bees (D:11)
  14 wights
  An electric eel (Lair:2)
  5 howler monkeys
  A giant frog zombie (D:7)
  3 crimson imps
  2 quasits
  6 hounds
  5 jellies
  11 orc priests
  A giant frog skeleton (D:4)
  3 centaur skeletons
  2 iguanas
  11 orc wizards
  10 worker ants
  7 big kobold zombies (Ossuary)
  A hound zombie (D:6)
  A hound skeleton (D:4)
  3 mummies
  14 adders
  7 gnolls
  10 river rats (Lair:2)
  2 shadow imps
  2 adder zombies (Ossuary)
  An adder skeleton (D:4)
  A worm (D:3)
  A dart slug (D:5)
  7 giant geckos
  51 orcs
  3 giant cockroaches
  5 gnoll zombies (Ossuary)
  15 goblins
  10 hobgoblins
  21 jackals
  17 kobolds
  4 quokkas
  12 bats
  2 giant gecko skeletons
  7 giant newts
  2 hobgoblin zombies (Ossuary)
  4 kobold zombies (Ossuary)
  7 orc zombies (Ossuary)
  A quokka skeleton (D:4)
  4 quokka zombies
  9 rats
435 creatures vanquished.

Vanquished Creatures (others)
  2 slaves (D:8)
  A giant frog (D:8)
  A howler monkey (D:8)
  An adder (D:8)
  An adder zombie (D:8)
  A giant gecko (D:9)
  4 orcs (D:8)
  A quokka (D:9)
12 creatures vanquished.

Grand Total: 447 creatures vanquished

Notes
Turn   | Place    | Note
--------------------------------------------------------------
     0 | D:1      | Kidiri the Deep Elf Fire Elementalist began the quest for the Orb.
     0 | D:1      | Reached XP level 1. HP: 10/10 MP: 6/6
   338 | D:1      | Reached XP level 2. HP: 15/15 MP: 6/8
   342 | D:1      | Learned a level 2 spell: Throw Flame
   738 | D:1      | Reached XP level 3. HP: 19/19 MP: 2/10
   744 | D:1      | Learned a level 3 spell: Conjure Flame
   748 | D:1      | Learned a level 3 spell: Inner Flame
  1569 | D:2      | Reached skill level 4 in Spellcasting
  1794 | D:2      | Reached XP level 4. HP: 24/24 MP: 8/12
  1830 | D:2      | Found a sparkling altar of Nemelex Xobeh.
  1834 | D:2      | Found an opulent altar of Gozag.
  1839 | D:2      | Found a stormy altar of Qazlal.
  2714 | D:3      | Found a faded altar to an unknown god.
  2734 | D:3      | Reached skill level 1 in Fighting
  2889 | D:3      | Reached skill level 1 in Hexes
  2889 | D:3      | Reached XP level 5. HP: 29/29 MP: 4/13
  3170 | D:3      | Learned a level 4 spell: Sticky Flame
  3776 | D:4      | Reached skill level 5 in Spellcasting
  3810 | D:4      | Reached XP level 6. HP: 14/34 MP: 0/15
  4193 | D:4      | Found a staircase to the Ecumenical Temple.
  4202 | Temple   | Entered the Ecumenical Temple
  4865 | D:4      | Reached XP level 7. HP: 31/39 MP: 5/17
  5205 | D:4      | Reached skill level 1 in Shields
  5205 | D:4      | Reached skill level 6 in Spellcasting
  5248 | D:4      | Learned a level 5 spell: Fireball
  5363 | D:5      | Entered Level 5 of the Dungeon
  5557 | D:5      | Reached skill level 1 in Armour
  5690 | D:5      | Reached skill level 5 in Dodging
  5788 | D:5      | Reached skill level 5 in Fire Magic
  5810 | D:5      | Reached XP level 8. HP: 27/44 MP: 1/20
  6035 | D:5      | Found a blossoming altar of Fedhas.
  6239 | D:6      | Found an oddly glowing altar of Pakellas.
  6586 | D:6      | Reached skill level 7 in Spellcasting
  6646 | D:6      | Noticed a two-headed ogre
  6653 | D:6      | Killed a two-headed ogre
  6938 | D:6      | Found a sacrificial altar of Ru.
  6940 | D:6      | Found an oddly glowing altar of Pakellas.
  6943 | D:6      | Found a burning altar of Makhleb.
  6944 | D:6      | Found a shadowy altar of Dithmenos.
  7090 | D:6      | Found a radiant altar of Vehumet.
  7090 | D:6      | Found an ancient bone altar of Kikubaaqudgha.
  7102 | D:6      | Became a worshipper of Vehumet
  7126 | D:6      | Found a deep blue altar of Sif Muna.
  7132 | D:6      | Identified Sif Muna's Tome of Hexes
  7655 | D:7      | Reached XP level 9. HP: 34/49 MP: 10/22
  7861 | D:7      | Reached skill level 8 in Spellcasting
  9582 | D:7      | You fall through a shaft!
  9588 | D:8      | Noticed Erolcha
  9627 | D:8      | Killed Erolcha
  9627 | D:8      | Reached skill level 9 in Spellcasting
  9627 | D:8      | Reached skill level 5 in Conjurations
  9627 | D:8      | Reached skill level 5 in Hexes
  9695 | D:8      | Found a sand-covered staircase.
  9705 | Ossuary  | Entered an ossuary
  9849 | Ossuary  | Reached * piety under Vehumet
  9849 | Ossuary  | Offered knowledge of Sting by Vehumet.
 10426 | Ossuary  | Reached XP level 10. HP: 56/56 MP: 19/25
 10518 | D:8      | Noticed Pikel
 10535 | D:8      | Killed Pikel
 10627 | D:8      | Reached ** piety under Vehumet
 10951 | D:8      | Noticed Gastronok
 11106 | D:8      | Noticed Grum
 11403 | D:9      | Offered knowledge of Throw Frost by Vehumet.
 11427 | D:9      | Found a white marble altar of Elyvilon.
 11498 | D:9      | Noticed a cyclops
 12131 | D:9      | Learned a level 2 spell: Throw Frost
 12242 | D:9      | Offered knowledge of Ignite Poison by Vehumet.
 12242 | D:9      | Reached skill level 10 in Spellcasting
 12278 | D:9      | Learned a level 3 spell: Ignite Poison
 12446 | D:9      | Killed a cyclops
 12880 | D:8      | Killed Gastronok
 12880 | D:8      | Reached skill level 1 in Transmutations
 12880 | D:8      | Reached skill level 1 in Poison Magic
 12880 | D:8      | Reached XP level 11. HP: 61/61 MP: 3/27
 12958 | D:8      | Killed Grum
 12958 | D:8      | Reached *** piety under Vehumet
 13490 | D:10     | Entered Level 10 of the Dungeon
 13500 | D:10     | Noticed a hill giant
 13513 | D:10     | Noticed a hill giant
 13514 | D:10     | Killed a hill giant
 13615 | D:10     | Killed a hill giant
 13904 | D:10     | Noticed a hill giant
 14300 | D:10     | Noticed a tengu warrior
 14307 | D:10     | Reached skill level 11 in Spellcasting
 14308 | D:10     | Offered knowledge of Stone Arrow by Vehumet.
 14313 | D:10     | Learned a level 3 spell: Stone Arrow
 14330 | D:10     | Killed a tengu warrior
 14330 | D:10     | Reached skill level 10 in Dodging
 14704 | D:10     | Found an iron altar of Okawaru.
 14727 | D:10     | Killed a hill giant
 15675 | D:10     | Gained mutation: You regenerate slowly when monsters are visible. [potion of mutation]
 15675 | D:10     | Gained mutation: Your spells are a little harder to cast, but a little more powerful. [potion of mutation]
 15675 | D:10     | Gained mutation: You have an increased reservoir of magic (+10% MP). [potion of mutation]
 16065 | D:11     | Found a staircase to the Lair.
 16088 | D:11     | Reached skill level 1 in Earth Magic
 16169 | D:11     | Noticed an unseen horror
 16186 | D:11     | Killed an unseen horror
 16200 | D:11     | Found a white marble altar of Elyvilon.
 16206 | D:11     | Reached **** piety under Vehumet
 16718 | D:11     | Offered knowledge of Mephitic Cloud by Vehumet.
 16727 | D:11     | Learned a level 3 spell: Mephitic Cloud
 16826 | D:11     | Reached XP level 12. HP: 59/68 MP: 13/32
 17310 | Lair:1   | Entered Level 1 of the Lair of Beasts
 17481 | Lair:1   | Reached skill level 1 in Air Magic
 17959 | Lair:1   | Noticed Prince Ribbit
 17965 | Lair:1   | Killed Prince Ribbit
 17968 | Lair:1   | Reached skill level 5 in Fighting
 17971 | Lair:1   | Found a dark tunnel.
 17978 | Volcano  | Entered a volcano
 18203 | Volcano  | Reached skill level 12 in Spellcasting
 18414 | Volcano  | Reached ***** piety under Vehumet
 18500 | Volcano  | Offered knowledge of Poison Arrow by Vehumet.
 18508 | Volcano  | Learned a level 6 spell: Poison Arrow
 18757 | Lair:1   | Drew Focus: Int increased to 27, Str decreased to 4
 19428 | Lair:1   | Reached skill level 5 in Shields
 19442 | Lair:1   | Reached skill level 5 in Armour
 20354 | Lair:2   | Killed from afar by an electric eel

Vault maps used:
D:1:      lemuel_arrival_funnel, hangedman_feature_mirror
D:2:      minmay_overflow_temple_star_quad, kennysheep_cross_room
D:3:      ecumenical_altar_2, first_bread, corexii_item_surrounded_by_moat
D:4:      minmay_temple_entry_butterflies
D:5:      lemuel_coloured_pillars_altar
D:6:      grunt_temple_overflow_magic_moments, minitemple,
          grunt_pakellas_mercury
D:7:      nicolae_whirlpool, minmay_misc_feat_columns
D:8:      enter_ossuary_4, uniq_erolcha, uniq_pikel, uniq_gastronok, uniq_grum
D:9:      elyvilon_altar_4
D:10:     basic_altar, billiards_dpeg
D:11:     lair_0_dummy, serial_column_ruins, column_ruins_hut_pillars,
          column_ruins_temple_hut, column_ruins_open_small,
          column_ruins_columns_corner, column_ruins_open_small_water,
          column_ruins_columns_corner
Temple:   temple_eino_lava_8
Lair:1:   nicolae_volcano_entry_hallway, uniq_prince_ribbit2
Lair:2:   serial_bayou_lagoon_b, lemuel_fruit_fields
Ossuary:  ossuary_tomb_2
Volcano:  volcano_tomb

Skill      XL: |  1  2  3  4  5  6  7  8  9 10 11 12 |
---------------+-------------------------------------+-----
Dodging        | 3 4 5 6 8 9 10 11 | 11.0
Spellcasting   | 4 5 6 7 9 10 11 12 | 12.2
Conjurations   | 2 3 4 5 6 7 |  7.6
Fire Magic     | 4 5 6 7 8 |  8.1
Fighting       | 1 2 3 4 5 |  5.2
Hexes          | 1 2 3 4 5 6 7 |  7.8
Shields        | 1 2 3 4 5 |  5.0
Armour         | 1 2 3 4 5 |  5.0
Transmutations | 1 3 4 |  4.1
Poison Magic   | 1 2 3 |  3.5
Earth Magic    | 1 2 |  2.6
Air Magic      | 2 |  2.3
Stealth        | |  2.4

Action                   |  1- 3 |  4- 6 |  7- 9 | 10-12 || total
-------------------------+-------+-------+-------+-------++-------
Melee: Unarmed           |     3 |       |       |       ||     3
       Dagger            |     6 |    49 |   232 |   200 ||   487
 Cast: Flame Tongue      |    49 |    84 |   238 |   385 ||   756
       Throw Flame       |    18 |    29 |    42 |   133 ||   222
       Conjure Flame     |       |     2 |     8 |     6 ||    16
       Inner Flame       |       |     1 |     1 |     3 ||     5
       Sticky Flame      |       |     6 |    17 |    67 ||    90
       Fireball          |       |       |       |     4 ||     4
       Throw Frost       |       |       |       |     2 ||     2
       Stone Arrow       |       |       |       |    59 ||    59
       Ignite Poison     |       |       |       |     1 ||     1
Evoke: Wand              |       |       |    11 |       ||    11
       Deck              |       |       |       |     1 ||     1
  Use: Scroll            |       |    12 |    11 |    11 ||    34
       Potion            |       |     2 |     1 |     9 ||    12
 Stab: Sleeping          |       |     1 |     2 |       ||     3
       Distracted        |       |       |     2 |     1 ||     3
  Eat: Chunk             |     3 |     9 |    11 |    14 ||    37
       Royal jelly       |       |       |     2 |       ||     2
       Beef jerky        |       |       |     2 |     1 ||     3
       Pizza             |       |       |     3 |     1 ||     4
       Fruit             |       |       |       |     8 ||     8
       Meat ration       |       |       |       |     2 ||     2
